 Dungeon Crawl Stone Soup version 0.31-a0-4-gefa6de2278 (webtiles) character file.

Game seed: 2393915079490173322

94427 Rrauwl the Bludgeoner (level 16, -11/158 HPs)
             Began as an Ogre Gladiator on May 3, 2023.
             Was a High Priest of Okawaru.
             Mangled by a sixfirhy (12 damage)
             ... summoned by an orc sorcerer
             ... while paralysed by an orc sorcerer
             ... on level 2 of the Orcish Mines.
             The game lasted 01:21:06 (27847 turns).

Rrauwl the Bludgeoner (Ogre Gladiator)             Turns: 27847, Time: 01:21:08

Health: -11/158    AC: 16    Str: 32      XL:     16   Next: 11%
Magic:  23/23      EV:  1    Int:  7 (9)  God:    Okawaru [*****.]
Gold:   1366       SH:  0    Dex: 10      Spells: 9/15 levels left

rFire   + + +        k - +5 giant club of Bankruptcy {freeze, rF++}
rCold   + + +        (shield currently unavailable)
rNeg    . . .        P - +0 ice dragon scales
rPois   .            y - +2 hat
rElec   .            t - scarf {rC+ rF+}
rCorr   .            (gloves unavailable)
SInv    .            (boots unavailable)
Will    +....        (no amulet)
Stlth   +            A - ring "Rebousch" {rF+ rC+ Str+4}
HPRegen 0.46/turn    r - +5 ring of evasion
MPRegen 0.18/turn

%: no passive effects
@: paralysed, heroic, studying Staves
A: large, unfitting armour, tough skin 1
a: Renounce Religion, Heroism, Finesse, Duel


You were on level 2 of the Orcish Mines.
You worshipped Okawaru.
Okawaru was extremely pleased with you.
You visited 4 branches of the dungeon, and saw 22 of its levels.

You collected 2159 gold pieces.
You spent 793 gold pieces at shops.

Inventory:

Hand Weapons
 b - a +4 giant spiked club
 c - a +0 giant spiked club
 k - the +5 giant club of Bankruptcy (weapon) {freeze, rF++}
   (Okawaru gifted it to you on level 3 of the Lair of Beasts)

   rF:        It greatly protects you from fire.
Missiles
 d - 12 throwing nets
 e - 28 large rocks (quivered)
 L - 4 silver javelins
Armour
 t - a scarf of resistance (worn)
 y - a +2 hat (worn)
 P - +0 ice dragon scales (worn)
Jewellery
 h - a ring of resist corrosion
 r - a +5 ring of evasion (right hand)
 A - the ring "Rebousch" (left hand) {rF+ rC+ Str+4}
   (You found it on level 12 of the Dungeon)

   [ring of protection from fire]

   Str:       It affects your strength (+4).
   rF:        It protects you from fire.
   rC:        It protects you from cold.
 I - a ring of see invisible
Wands
 f - a wand of paralysis (19)
 o - a wand of flame (32)
 u - a wand of polymorph (8)
 x - a wand of mindburst (10)
 B - a wand of acid (8)
 C - a wand of roots (12)
 M - a wand of digging (2)
Scrolls
 g - a scroll of poison
 j - 2 scrolls of magic mapping
 m - a scroll of amnesia
 p - 15 scrolls of identify
 v - 3 scrolls of enchant armour
 z - 8 scrolls of teleportation
 D - a scroll of immolation
 J - 2 scrolls of fog
 N - a scroll of blinking
Potions
 i - 2 potions of flight
 l - 2 potions of lignification
 n - 4 potions of mutation
 q - 2 potions of attraction
 s - 2 potions of resistance
 w - a potion of might
 F - 2 potions of haste
 G - a potion of cancellation
 H - 5 potions of curing
 K - 3 potions of heal wounds
 O - a potion of ambrosia {unknown}
Miscellaneous
 a - a phial of floods
 E - a piece from Xom's chessboard (15/15)


   Skills:
 - Level 10.0(15.0) Fighting
 + Level 19.6(24.6) Maces & Flails
 + Level 6.9(11.9) Throwing
 + Level 6.4(11.4) Armour
 - Level 10.0(15.0) Dodging
 - Level 10.0 Invocations
 - Level 3.0 Evocations


You had 9 spell levels left.
You knew the following spells:

 Your Spells              Type           Power      Damage    Failure   Level
a - Passwall              Tmut/Erth      0%         N/A       80%         2
b - Passage of Golubria   Tloc           0%         N/A       100%        4

Your spell library contained the following spells:

 Spells                   Type           Power      Damage    Failure   Level
 Beastly Appendage        Tmut           0%         N/A       65%         1
 Sandblast                Erth           0%         2d4       65%         1
 Slow                     Hex            0%         N/A       65%         1
 Cigotuvi's Dreadful Rot  Necr/Pois/Air  0%         N/A       80%         2
 Sublimation of Blood     Necr           0%         N/A       80%         2
 Wereblood                Tmut           0%         N/A       80%         2
 Confusing Touch          Hex            0%         N/A       95%         3
 Ignite Poison            Fire/Tmut/Pois 0%         N/A       95%         3
 Spider Form              Tmut/Pois      0%         N/A       95%         3
 Stone Arrow              Conj/Erth      0%         3d7       95%         3
 Vampiric Draining        Necr           0%         2d6       95%         3
 Dispel Undead            Necr           0%         3d6       100%        4
 Manifold Assault         Tloc           0%         N/A       100%        4
 Petrify                  Tmut/Erth      0%         N/A       100%        4
 Sticky Flame             Conj/Fire      0%         2d3       100%        4
 Irradiate                Conj/Tmut      0%         3d11      100%        5
 Yara's Violent Unravell  Hex/Tmut       0%         3d3       100%        5
 Dispersal                Tloc           0%         N/A       100%        6
 Storm Form               Tmut/Air       0%         N/A       100%        7
 Disjunction              Tloc           0%         N/A       100%        8
 Ignition                 Fire           0%         3d3       100%        8
 Maxwell's Capacitive Co  Air            0%         ∞         100%        8
 Tukima's Dance           Hex            Unusable   N/A       N/A         3
 Summon Lightning Spire   Summ/Air       Unusable   N/A       N/A         4
 Death Channel            Necr           Unusable   N/A       N/A         6

Dungeon Overview and Level Annotations

Branches:
Dungeon (14/15)            Temple (1/1) D:6            Lair (5/5) D:8
  Swamp (0/4) Lair:2        Snake (0/4) Lair:2        Slime (0/5) Lair:5
    Orc (2/2) D:10            Elf (0/3) Orc:2        Vaults (0/5) D:14

Altars:
Ashenzari
Cheibriados
Dithmenos
Elyvilon
Fedhas
Gozag
Hepliaklqana
Kikubaaqudgha
Makhleb
Nemelex Xobeh
Okawaru
Qazlal
Ru
Sif Muna
Trog
Uskayaw
Vehumet
Wu Jian
Xom
Yredelemnul
Zin
The Shining One

Shops:
D:1 (   D:8 [?   D:12 *   Orc:1 [[[   Orc:2 !*

Portals:
Trove: D:12 (give 18 potions of curing)

Annotations:
D:4 Edmund
D:6 3 runed translucent doors, Azuvok's ghost, novice FoFi
D:13 3 runed translucent doors, Dahifo's ghost, journeyman TrMo; Erolcha; Pifuh's ghost, journeyman HuWn; Ytiufarch's ghost, journeyman DrMo


Innate Abilities, Weirdness & Mutations

You are too large for most types of armour.
You have tough skin. (AC +1)


Message History

The demonspawn hits you. The demonspawn claws you. The demonspawn gores you.
You closely miss the demonspawn.
The demonspawn is almost dead.
The demonspawn hits you but does no damage.
The demonspawn claws you!
* * * LOW HITPOINT WARNING * * *
The demonspawn gores you but does no damage.
You barely miss the demonspawn.
The demonspawn is almost dead.
You hit the demonspawn but do no damage.
The demonspawn is almost dead.
The demonspawn barely misses you.
The demonspawn claws you but does no damage.
The demonspawn gores you!
* * * LOW HITPOINT WARNING * * *
You beat the demonspawn like a drum!!!
You freeze the demonspawn.
You kill the demonspawn!
Okawaru accepts your kill.
Magic restored.
An orc sorcerer comes into view. It is wielding a +0 dagger.
The orc sorcerer mumbles some strange words.
An orc sorcerer comes into view. It is wielding a +0 dagger.
The orc sorcerer shouts!
The orc sorcerer points at you and mumbles some strange words.
You suddenly lose the ability to move!
The sixfirhy hits you.
* * * LOW HITPOINT WARNING * * *
The sixfirhy shocks you!
* * * LOW HITPOINT WARNING * * *
The orc sorcerer hits you with a +0 dagger.
* * * LOW HITPOINT WARNING * * *
The orc sorcerer hits you but does no damage.
The sixfirhy hits you!
* * * LOW HITPOINT WARNING * * *
The sixfirhy shocks you!
* * * LOW HITPOINT WARNING * * *
The sixfirhy hits you.
* * * LOW HITPOINT WARNING * * *
The sixfirhy shocks you!
You die...

#.........###..###...........#...
...#...#.###.)## ##.............)
....#...###..## . ##............#
.....#.###..## .. ##.........)##
......###.)###.#. ##...........
.#.#.###))###...# ##.#........
.#.####))###...### ###........
#..###.)###...##o## .####.###...
..###..)).)..##o@.## ..######....
####...)#...##.3#..##...## #...#.
###...#....##..###..##.#.####.###
##∩.#..)..##..# ##†......#####..
#.....#..##... ##.#.....###...
##∩.#....)##. ##.......###....
###...#....## ##6.##)#.###.....
####....#..)## #[.##)..####.#..#
..###.......)##.).##...###......#


You could see a sixfirhy (summoned) and 2 orc sorcerers.

Vanquished Creatures
  Rupert (Lair:5)
  A minotaur (D:11)
  An ice dragon (D:12)
  4 vault guards (D:14)
  6 hydras
  2 catoblepae
  7 centaur warriors
  3 demonspawn (Orc:2)
  A death knight (D:13)
  3 two-headed ogres
  4 boulder beetles
  An ogre mage (D:12)
  6 orc high priests (Orc:2)
  A sun demon (Orc:2)
  A deep elf knight (D:12)
  2 skysharks
  A deep elf archer (D:14)
  A lindwurm (Lair:5)
  3 wizards
  6 orc knights
  A deep elf pyromancer (D:13)
  7 orc sorcerers
  5 ugly things
  12 elephants
  7 cyclopes
  4 manticores
  Maurice (D:8)
  7 black mambas
  A torpor snail (Lair:3)
  4 gargoyles
  11 cane toads
  2 efreet (D:13)
  2 rime drakes (Lair:4)
  3 kobold demonologists
  3 freezing wraiths
  8 komodo dragons
  5 trolls
  3 meliai (D:14)
  A red devil (Orc:2)
  4 hornets (Lair:5)
  4 polar bears
  12 blink frogs
  Grinder (D:4)
  6 dream sheep
  9 slime creatures
  3 shadows
  13 spriggans (Lair:5)
  4 wraiths
  42 yaks
  A human (D:14)
  8 wyverns
  Grum (D:8)
  4 basilisks
  A neqoxec (Orc:2)
  A steam dragon (D:9)
  8 vampire mosquitoes
  A warg (Orc:1)
  23 water moccasins
  5 large abominations (D:10)
  3 sky beasts
  26 orc warriors
  3 ice beasts (D:6)
  9 black bears
  24 wolves
  5 boggarts (Lair:5)
  4 centaurs
  4 ogres
  2 phantoms (D:10)
  3 kobold brigands
  10 bullfrogs
  7 small abominations (D:10)
  4 gnoll sergeants
  4 scorpions
  12 wights
  A troll zombie (D:10)
  17 killer bees
  10 howler monkeys
  7 hounds
  4 jellies (Lair:5)
  2 gnoll boudas (D:8)
  26 orc priests
  2 sleepcaps
  Ijyb (D:4)
  Natasha (thrice) (D:4)
  2 iguanas (D:5)
  2 scorpion zombies (D:4)
  12 orc wizards
  5 ogre zombies (D:10)
  A hound zombie (D:4)
  33 gnolls
  10 adders
  2 shadow imps (D:5)
  2 white imps
  2 ufetubi (D:6)
  An adder zombie (D:4)
  5 worms
  5 dart slugs
  66 orcs
  5 ball pythons
  10 endoplasms
  10 giant cockroaches
  4 hobgoblins
  10 jackals
  19 kobolds
  4 quokkas
  8 bats
  3 frilled lizards
  10 goblins
  A hobgoblin skeleton (D:10)
  A hobgoblin zombie (D:10)
  3 orc skeletons (D:10)
  14 orc zombies (D:10)
  A quokka zombie (D:4)
  12 rats
749 creatures vanquished.

Vanquished Creatures (others)
  29 fungi
  39 plants
68 creatures vanquished.

Grand Total: 817 creatures vanquished

Notes
Turn   | Place    | Note
-------+----------+-------------------------------------------
     0 | D:1      | Rrauwl the Ogre Gladiator began the quest for the Orb.
     0 | D:1      | Reached XP level 1. HP: 22/22 MP: 1/1
   103 | D:1      | Reached XP level 2. HP: 25/31 MP: 2/2
   150 | D:1      | Reached skill level 3 in Maces & Flails
   170 | D:1      | Reached XP level 3. HP: 27/37 MP: 3/3
   309 | D:1      | Found Dawyrghi's Antique Weapon Emporium.
   392 | D:1      | Found a faded altar of an unknown god.
   931 | D:2      | Reached XP level 4. HP: 39/48 MP: 4/4
  1390 | D:2      | Reached XP level 5. HP: 44/55 MP: 5/5
  1391 | D:2      | Reached skill level 5 in Fighting
  1474 | D:3      | Reached skill level 4 in Maces & Flails
  1589 | D:3      | Learned a level 2 spell: Passwall
  1622 | D:3      | Found a sparkling altar of Nemelex Xobeh.
  1912 | D:3      | Reached XP level 6. HP: 20/67 MP: 6/6
  2107 | D:3      | Found an opulent altar of Gozag.
  2379 | D:3      | Found a glowing golden altar of the Shining One.
  2506 | D:4      | Found a basalt altar of Yredelemnul.
  2561 | D:4      | Found a hide-covered altar of Uskayaw.
  2586 | D:4      | Noticed Ijyb
  2597 | D:4      | Killed Ijyb
  2598 | D:4      | Reached skill level 5 in Maces & Flails
  2685 | D:4      | Noticed Edmund
  2723 | D:4      | Reached XP level 7. HP: 71/76 MP: 7/7
  2855 | D:4      | Noticed Grinder
  2862 | D:4      | Paralysed by Grinder for 2 turns
  2892 | D:4      | Killed Grinder
  3133 | D:4      | Found a white marble altar of Elyvilon.
  3176 | D:4      | Noticed Natasha
  3185 | D:4      | Killed Natasha
  3225 | D:4      | Noticed Natasha
  3230 | D:4      | Killed Natasha
  3311 | D:4      | Noticed Natasha
  3317 | D:4      | Killed Natasha
  3615 | D:4      | Found a radiant altar of Vehumet.
  3626 | D:4      | Found a shimmering altar of Xom.
  3677 | D:5      | Entered Level 5 of the Dungeon
  3688 | D:5      | Reached skill level 6 in Maces & Flails
  3812 | D:5      | Reached XP level 8. HP: 88/89 MP: 8/8
  4456 | D:5      | Reached skill level 1 in Armour
  4460 | D:5      | Reached skill level 7 in Maces & Flails
  5028 | D:6      | Found a runed translucent gate.
  5028 | D:6      | Found a runed translucent gate.
  5028 | D:6      | Noticed a spectral unseen horror
  5029 | D:6      | Found a runed translucent gate.
  5032 | D:6      | Noticed Azuvok's ghost (novice FoFi)
  5215 | D:6      | Found an ornate altar of the Wu Jian Council.
  5231 | D:6      | Found a staircase to the Ecumenical Temple.
  5240 | D:6      | Reached skill level 8 in Maces & Flails
  5246 | Temple   | Entered the Ecumenical Temple
  5273 | Temple   | Became a worshipper of Warmaster Okawaru
  5342 | D:6      | Found a shadowy altar of Dithmenos.
  5417 | D:6      | Reached XP level 9. HP: 90/98 MP: 9/9
  6336 | D:7      | Found a sacrificial altar of Ru.
  6431 | D:7      | Reached * piety under Okawaru
  6657 | D:6      | Reached skill level 9 in Maces & Flails
  6657 | D:6      | Reached skill level 5 in Dodging
  7331 | D:7      | Found a glowing silver altar of Zin.
  7379 | D:8      | Noticed an elephant
  7395 | D:7      | Reached skill level 10 in Maces & Flails
  7460 | D:8      | Noticed Maurice
  7486 | D:8      | Killed Maurice
  7486 | D:8      | Reached ** piety under Okawaru
  7487 | D:8      | Reached XP level 10. HP: 81/107 MP: 10/10
  7719 | D:8      | Reached skill level 11 in Maces & Flails
  7800 | D:8      | Killed an elephant
  7810 | D:8      | Noticed Grum
  8023 | D:8      | Found Igujuuh's Armour Shop.
  8079 | D:8      | Found Veifinou's Magic Scroll Shoppe.
  8087 | D:8      | Bought a scroll of enchant weapon for 82 gold pieces
  8087 | D:8      | Bought a scroll of teleportation for 33 gold pieces
  8424 | D:8      | Reached *** piety under Okawaru
  8513 | D:8      | Found a staircase to the Lair.
  8538 | D:8      | Killed Grum
  8555 | D:8      | Reached skill level 1 in Invocations
  9307 | Lair:1   | Entered Level 1 of the Lair of Beasts
  9448 | Lair:1   | Reached skill level 12 in Maces & Flails
  9749 | Lair:1   | Reached **** piety under Okawaru
  9793 | Lair:1   | Reached XP level 11. HP: 100/117 MP: 13/13
  9794 | Lair:1   | Reached skill level 10 in Fighting
 10086 | Lair:1   | Reached ***** piety under Okawaru
 10278 | Lair:1   | Reached skill level 5 in Throwing
 10278 | Lair:1   | Reached skill level 5 in Invocations
 10752 | Lair:1   | Learned a level 4 spell: Passage of Golubria
 11424 | Lair:2   | Reached skill level 1 in Evocations
 11554 | Lair:2   | Identified the +2 kite shield "Ceatam" {+Blink Int+3}
                  | (Okawaru gifted it to you on level 2 of the Lair of Beasts)
 11554 | Lair:2   | Received a gift from Okawaru
 11848 | Lair:2   | Found a staircase to the Snake Pit.
 11879 | Lair:2   | Found a staircase to the Swamp.
 12067 | Lair:2   | Reached XP level 12. HP: 88/126 MP: 18/18
 13252 | D:9      | Found a faded altar of an unknown god.
 13252 | D:9      | Found a faded altar of an unknown god.
 13252 | D:9      | Found a hazy altar of Hepliaklqana.
 13715 | D:9      | Reached skill level 10 in Invocations
 13959 | D:9      | Reached skill level 13 in Maces & Flails
 14290 | D:9      | Identified the +9 dagger "Pigycs" {heavy, Fly}
 15033 | D:10     | Entered Level 10 of the Dungeon
 15652 | D:10     | Found a staircase to the Orcish Mines.
 16018 | D:10     | Found a bloodstained altar of Trog.
 16326 | D:10     | Reached skill level 14 in Maces & Flails
 16380 | D:10     | Received a gift from Okawaru
 16958 | Lair:2   | Received a gift from Okawaru
 16966 | Lair:2   | Reached XP level 13. HP: 98/133 MP: 20/20
 17120 | Lair:3   | Reached skill level 15 in Maces & Flails
 17766 | Lair:3   | Identified the +5 giant club of Bankruptcy {freeze, rF++}
                  | (Okawaru gifted it to you on level 3 of the Lair of Beasts)
 17766 | Lair:3   | Received a gift from Okawaru
 18205 | D:11     | Reached skill level 16 in Maces & Flails
 18351 | D:11     | Found a runed translucent door.
 18666 | D:11     | Noticed a minotaur
 18673 | D:11     | Killed a minotaur
 19216 | Lair:3   | Found an ornate altar of the Wu Jian Council.
 19216 | Lair:3   | Found a hide-covered altar of Uskayaw.
 19700 | D:12     | Noticed an ice dragon
 19711 | D:12     | Killed an ice dragon
 19724 | D:12     | Identified the +4 ring mail of Feasting {Dex+4}
 19789 | D:12     | Received a gift from Okawaru
 19814 | D:12     | Identified the scarf "Rinyclir" {harm, rPois Stlth+}
 19844 | D:12     | Identified the +2 shortbow "Fyduera" {flame, rPois Will+}
 19931 | D:12     | Reached XP level 14. HP: 115/143 MP: 16/21
 20026 | D:12     | Reached skill level 17 in Maces & Flails
 20214 | D:12     | Found Irits's Assorted Antiques.
 20222 | D:12     | Bought a scroll of teleportation for 72 gold pieces
 20222 | D:12     | Bought a potion of might for 96 gold pieces
 20222 | D:12     | Bought a potion of heal wounds for 120 gold pieces
 20387 | D:12     | Received a gift from Okawaru
 20392 | D:12     | Identified the ring "Rebousch" {rF+ rC+ Str+4}
 20477 | D:12     | Found a portal to a secret trove of treasure.
 20969 | D:13     | Noticed Erolcha
 21262 | D:13     | Found a runed translucent gate.
 21262 | D:13     | Found a runed translucent gate.
 21264 | D:13     | Found a runed translucent gate.
 21278 | D:13     | Reached skill level 18 in Maces & Flails
 21366 | D:13     | Found an ancient bone altar of Kikubaaqudgha.
 21366 | D:13     | Noticed a lich
 21367 | D:13     | Noticed a lich
 21367 | D:13     | Noticed Pifuh's ghost (journeyman HuWn)
 21367 | D:13     | Noticed Dahifo's ghost (journeyman TrMo)
 21367 | D:13     | Noticed Ytiufarch's ghost (journeyman DrMo)
 22543 | Lair:5   | Entered Level 5 of the Lair of Beasts
 22553 | Lair:5   | Identified the +1 robe of Siles {rC+ SInv Stlth-} (Okawaru
                  | gifted it to you on level 5 of the Lair of Beasts)
 22553 | Lair:5   | Received a gift from Okawaru
 22637 | Lair:5   | Found a staircase to the Slime Pits.
 22826 | Lair:5   | Noticed Rupert
 22841 | Lair:5   | Killed Rupert
 23154 | Lair:5   | Reached XP level 15. HP: 148/149 MP: 22/22
 23464 | Lair:5   | Paralysed by a hornet for 1 turns
 23598 | Lair:5   | Reached skill level 5 in Armour
 23842 | Lair:5   | Received a gift from Okawaru
 23883 | Lair:5   | Reached skill level 19 in Maces & Flails
 24917 | D:14     | Found an ancient bone altar of Kikubaaqudgha.
 25345 | D:14     | Found a gate to the Vaults.
 25780 | Orc:1    | Entered Level 1 of the Orcish Mines
 25781 | Orc:1    | Upgraded the game from 0.31-a0-1-g4198be8af4 to
                  | 0.31-a0-4-gefa6de2278
 25783 | Orc:1    | Found Uhycod's Antique Armour Emporium.
 25967 | Orc:1    | Found Xeang's Antique Armour Boutique.
 26115 | Orc:1    | Found Norum's Antique Armour Shoppe.
 26347 | Orc:2    | Entered Level 2 of the Orcish Mines
 26347 | Orc:2    | Found a staircase to the Elven Halls.
 26622 | Orc:2    | Found Ciwaot's Distillery.
 26672 | Orc:2    | Found Tawifi's General Store.
 26743 | Orc:2    | Bought a potion of curing for 45 gold pieces
 26743 | Orc:2    | Bought a potion of resistance for 150 gold pieces
 26743 | Orc:2    | Bought a potion of curing for 45 gold pieces
 26743 | Orc:2    | Bought a potion of heal wounds for 75 gold pieces
 26743 | Orc:2    | Bought a potion of heal wounds for 75 gold pieces
 27205 | Orc:2    | Paralysed by an orc sorcerer for 4 turns
 27454 | Orc:2    | Received a gift from Okawaru
 27664 | Orc:2    | Reached XP level 16. HP: 141/158 MP: 23/23
 27667 | Orc:2    | Reached skill level 10 in Dodging
 27742 | Orc:2    | Received a gift from Okawaru
 27844 | Orc:2    | Paralysed by an orc sorcerer for 5 turns
 27847 | Orc:2    | HP: 6/158 [sixfirhy[an orc sorcerer] (10)]
 27847 | Orc:2    | HP: 1/158 [sixfirhy[an orc sorcerer] (5)]
 27847 | Orc:2    | Mangled by a sixfirhy

Illustrated notes

Levels and vault maps discovered:
D:1:      dpeg_arrival_stone_temple_mockup, layout_loops_ring,
          shapermc_ecumenical_altar_acropolis, serial_shops,
          nicolae_shop_pleasant_corner_grove
D:2:      wad_pebble_path, layout_rooms, wad_floor_pattern_untrapped
D:3:      cheibrodos_pilgrimage, layout_loops_ring, nicolae_gozag_seed_capital,
          tso_oasis_becter, mainiacjoe_overflow_paths, st_stairs_1
D:4:      layout_basic, nicolae_uskayaw_dance_hall, elyvilon_altar_3,
          nicolae_yredelemnul_corpse_copse, amethyst_overflow_temple_binary,
          minmay_goblin_outpost, uniq_ijyb, uniq_edmund, uniq_natasha,
          uniq_grinder
D:5:      layout_loops_cross
D:6:      layout_loops_corners, mainiacjoe_overflow_boulevard,
          grunt_dithmenos_smoke_and_mirrors, minmay_temple_entry_junction,
          gammafunk_ghost_necromancy, serial_park_tiny_pond
D:7:      layout_rooms, mainiacjoe_overflow_alcove_2,
          nicolae_ru_great_annihilating_truth, minmay_tree_intersection,
          kennysheep_minor_cross
D:8:      layout_cave_pools, david_lair_generic, serial_gnoll_camp,
          gnoll_camp_mini_loothouse, gnoll_camp_medium_02, gnoll_camp_mini_shop,
          gnoll_camp_mini_shop, gnoll_camp_mini_basic, gnoll_camp_medium_01,
          uniq_grum, uniq_maurice
D:9:      layout_roguey, nicolae_hepliaklqana_ecumenical_no_more,
          hellmonk_bongcloud_opening
D:10:     layout_irregular_city, tgw_trog, zombieorc1_lemuel, laboratory
D:11:     dreamdust_labyrinth, layout_cave_pools
D:12:     minmay_tri_box, layout_long_grid, serial_shops, shop, enter_trove_0
D:13:     layout_basic, gammafunk_ghost_crypt, uniq_erolcha
D:14:     layout_rooms, grunt_vaults_entry_fortified, old_standard_altar
Temple:   nicolae_temple_ecumenical_triangle
Lair:1:   layout_cave_shapes, grunt_megastairs_1, infiniplex_staircase_pool_2
Lair:2:   layout_cave_shapes, swamp_mist, minmay_snake_entry_six_corridors
Lair:3:   layout_hall_layers, nzn_masters_of_martial_movement,
          grunt_megastairs_3
Lair:4:   layout_regular_city, serial_bayou_pond_e, minmay_shattered_shrine
Lair:5:   minmay_lair_end_enchanted_forest, layout_small_grid,
          nicolae_slime_entry_slimehenge, minivault_26, st_stairs_6,
          chequers_serial_rivers_micro_d, uniq_rupert
Orc:1:    layout_caves, serial_shops, nicolae_shop_window_shopping, shop, shop
Orc:2:    pf_orc_diabolical, layout_caves, lemuel_statue_altar

Skill      XL: |  1  2  3  4  5  6  7  8  9 10 11 12 13 14 15 16 |
---------------+-------------------------------------------------+-----
Fighting       | 3 4 5 6 8 9 10 | 10.0
Maces & Flails | 3 4 5 6 8 10 12 14 16 18 19 | 19.6
Dodging        | 3 5 7 9 10 | 10.0
Armour         | 1 2 3 4 6 |  6.4
Invocations    | 3 9 10 | 10.0
Throwing       | 3 5 6 |  6.9
Evocations     | 2 3 |  3.0

Action                     |  1- 3 |  4- 6 |  7- 9 | 10-12 | 13-15 | 16-18 || total
---------------------------+-------+-------+-------+-------+-------+-------++-------
  Melee: Flail             |    90 |       |       |       |       |       ||    90
         Whip              |    18 |   199 |   445 |  1317 |       |       ||  1979
         Punch             |       |     4 |     7 |    24 |       |       ||    35
         Unarmed           |       |       |     4 |     7 |       |       ||    11
         Giant club        |       |       |       |       |   962 |    52 ||  1014
  Throw: Javelin           |       |       |       |       |     3 |       ||     3
         Large rock        |       |       |       |       |     8 |       ||     8
 Invoke: Heroism           |       |       |       |     5 |    16 |     1 ||    22
         Finesse           |       |       |       |     1 |     6 |       ||     7
  Evoke: Piece from Xom's  |       |       |       |     1 |       |       ||     1
         Wand              |       |       |       |       |     2 |       ||     2
    Use: Potion            |       |     5 |     3 |     4 |    13 |       ||    25
         Scroll            |       |     8 |     8 |     6 |    11 |       ||    33
   Stab: Sleeping          |     1 |       |       |       |       |       ||     1
         Paralysed         |       |       |     1 |       |       |       ||     1
         Confused          |       |       |       |     1 |       |       ||     1
         Distracted        |       |       |       |       |     1 |       ||     1
 Armour: Robe              |    33 |    49 |    77 |    92 |       |       ||   251
         Troll leather arm |       |       |       |    15 |   126 |       ||   141
         Ice dragon scales |       |       |       |       |    62 |    21 ||    83
  Dodge: Dodged            |    64 |    76 |   208 |   549 |   594 |    35 ||  1526

Table legend: (Time is in decaauts)
 A = Elapsed time spent in this place.
 B = Non-inter-level travel time spent in this place.
 C = Inter-level travel time spent in this place.
 D = Time resting spent in this place.
 E = Time spent auto-exploring this place.
 F = Levels seen in this place.
 G = Mean time per level.
                   A        B        C        D        E       F      G
               +--------+--------+--------+--------+--------+-----+--------+
         Total |  26740 |  25343 |   1397 |    802 |  19374 |  22 | 1215.5 |
       Dungeon |  17317 |  16404 |    913 |    403 |  12680 |  14 | 1236.9 |
        Temple |     44 |     27 |     17 |      0 |     18 |   1 |   44.0 |
          Lair |   7619 |   7175 |    444 |    262 |   5472 |   5 | 1523.8 |
  Orcish Mines |   1758 |   1736 |     22 |    136 |   1204 |   2 |  879.0 |
               +--------+--------+--------+--------+--------+-----+--------+

Top non-repeatable levels by time:
  Lair:1: 2212 daAuts
     D:9: 2159 daAuts
    D:10: 1981 daAuts
  Lair:2: 1754 daAuts
     D:6: 1617 daAuts
  Lair:5: 1616 daAuts
     D:8: 1589 daAuts
   Orc:2: 1432 daAuts
     D:4: 1265 daAuts
    D:14: 1258 daAuts
     D:7: 1258 daAuts
    D:12: 1175 daAuts
  Lair:3: 1090 daAuts
  Lair:4: 945 daAuts
     D:5: 939 daAuts
